Map: Acid Plant LE

Players

Neeb - Winner!

  • Race: Protoss Protoss
  • Spawn Location: 11:00

Zanster

  • Race: Zerg Zerg
  • Spawn Location: 5:00

Event: WCS Leipzig 2018

VOD

Have the link to the VOD?

Description

Time

  • Played on: Jan. 26, 2018, 3:25 p.m.
  • Length: 14:15

All games in this series

Show
View Real Time Build Order
Export as new Build Order

Neeb Protoss - Winner!

Build Orders: Oracle Opening 

Get SALT Encoding   

  12  0:00  Probe  
  13  0:12  Probe  
  14  0:20  Pylon  
  14  0:24  Probe  
  15  0:38  Probe (Chrono Boost)  
  16  0:47  Probe (Chrono Boost)  
  17  0:52  Probe (Chrono Boost)  
  18  1:08  Nexus  
  18  1:13  Gateway  
  18  1:17  Probe  
  19  1:22  Assimilator  
  19  1:29  Probe  
  19  1:31  Assimilator  
  20  1:41  Probe  
  20  1:44  Gateway  
  21  1:53  Probe  
  22  2:00  Cybernetics Core  
  22  2:05  Probe  
  23  2:20  Probe (Chrono Boost)  
  25  2:25  Probe (Chrono Boost)  
  25  2:29  Probe (Chrono Boost)  
  26  2:33  Probe (Chrono Boost)  
  26  2:34  Probe (Chrono Boost)  
  26  2:35  Adept x2 (Chrono Boost)  
  32  2:42  Pylon  
  32  2:44  Probe  
  33  2:45  Warp Gate  
  33  2:46  Probe  
  34  2:53  Adept x2  
  38  3:01  Stargate  
  38  3:05  Probe (Chrono Boost)  
  40  3:07  Probe (Chrono Boost)  
  40  3:14  Pylon  
  40  3:17  Probe (Chrono Boost)  
  42  3:20  Adept  
  42  3:21  Probe (Chrono Boost)  
  42  3:22  Adept  
  46  3:28  Probe  
  46  3:29  Probe  
  44  3:40  Probe  
  45  3:41  Probe  
  45  3:42  Assimilator  
  45  3:43  Assimilator  
  45  3:45  Pylon, Oracle (Chrono Boost)  
  49  3:53  Probe  
  49  3:54  Probe  
  51  4:05  Probe  
  51  4:06  Probe  
  53  4:12  Oracle (Chrono Boost)  
  57  4:17  Probe  
  57  4:18  Probe  
  57  4:19  Pylon  
  57  4:21  Gateway  
  58  4:29  Probe  
  58  4:30  Probe  
  60  4:31  Robotics Facility  
  60  4:41  Probe  
  60  4:42  Probe  
  60  4:45  Phoenix (Chrono Boost)  
  58  4:48  Adept x2  
  58  4:52  Pylon  
  61  4:53  Probe, Twilight Council  
  61  4:57  Probe  
  63  5:05  Nexus  
  63  5:10  Probe  
  63  5:13  Probe, Pylon  
  61  5:15  Adept  
  61  5:17  Adept  
  65  5:22  Probe, Immortal (Chrono Boost)  
  65  5:27  Probe  
  71  5:31  Charge  
  71  5:35  Forge  
  71  5:36  Probe  
  71  5:39  Sentry  
  71  5:40  Sentry x2  
  71  5:42  Probe  
  79  5:46  Shield Battery  
  79  5:49  Probe  
  80  5:51  Pylon  
  80  5:55  Probe  
  81  5:58  Immortal (Chrono Boost)  
  81  6:01  Probe  
  86  6:09  Probe  
  87  6:11  Protoss Ground Weapons Level 1 (Chrono Boost)  
  87  6:13  Probe  
  87  6:14  Robotics Bay  
  88  6:18  Probe, Pylon  
  88  6:21  Probe, Sentry  
  88  6:25  Probe  
  93  6:30  Probe, Assimilator x2  
  93  6:31  Observer (Chrono Boost)  
  93  6:33  Probe  
  93  6:35  Gateway  
  93  6:37  Probe  
  93  6:38  Pylon  
  93  6:39  Pylon  
  95  6:43  Probe  
  96  6:48  Pylon  
  96  6:57  Robotics Facility  
  96  6:58  Stalker  
  96  6:59  Stalker x2  
  96  7:00  Colossus (Chrono Boost)  
  108  7:22  Gateway  
  108  7:24  Gateway, Blink  
  108  7:25  Extended Thermal Lance  
  108  7:28  Gateway  
  108  7:30  Gateway  
  108  7:34  Stalker x3  
  114  7:39  Nexus  
  114  7:41  Pylon  
  120  7:52  Colossus (Chrono Boost)  
  120  7:53  Protoss Ground Weapons Level 2 (Chrono Boost), Colossus (Chrono Boost)  
  120  7:57  Pylon  
  127  7:58  Probe x3  
  129  8:11  Stalker x2  
  133  8:16  Stalker  
  135  8:24  Photon Cannon  
  135  8:28  Stalker x4  
  135  8:29  Photon Cannon  
  135  8:34  Assimilator  
  143  8:35  Stalker  
  143  8:39  Assimilator  
  143  8:40  Colossus (Chrono Boost)  
  151  8:52  Colossus (Chrono Boost)  
  157  9:04  Stalker x2  
  161  9:13  Pylon  
  161  9:14  Stalker x3, Pylon  
  167  9:17  Pylon  
  167  9:23  Pylon  
  167  9:28  Stalker x4  
  172  9:35  Stalker  
  174  9:48  Stalker x3  
  180  9:55  Stalker x3  
  180  9:56  Sentry  
  188  10:06  Stalker  
  190  10:13  Protoss Ground Weapons Level 3 (Chrono Boost)  
  190  10:16  Stalker x3  
  196  10:22  Stalker x2  
  166  10:53  Colossus x2 (Chrono Boost)  
  150  11:02  Stalker x6  
  150  11:03  Probe x2  
  153  11:08  Probe  
  153  11:09  Probe  
  135  11:15  Probe  
  135  11:16  Probe  
  124  11:20  Probe, Stalker x2  
  127  11:31  Sentry x2  
  127  11:32  Sentry x4  
  139  11:44  Colossus (Chrono Boost)  
  139  11:45  Stalker x2  
  143  11:48  Observer (Chrono Boost)  
  150  11:56  Stalker x6  
  162  12:01  Nexus  
  162  12:03  Colossus (Chrono Boost), Pylon  
  168  12:11  Stalker x2  
  172  12:19  Stalker x3  
  172  12:20  Stalker x3  
  184  12:25  Colossus (Chrono Boost)  
  187  12:38  Stalker x2  
  187  12:43  Stalker x4  
  199  12:47  Photon Cannon  
  199  12:48  Photon Cannon  
  199  12:51  Shield Battery  
  199  12:53  Assimilator  
  199  12:57  Assimilator  
  199  13:03  Gateway  
  199  13:07  Gateway  
  199  13:08  Gateway  
  199  13:19  Gateway  
  170  13:22  Stalker x8  
  130  13:49  Stalker x8  
  154  14:12  Stalker x6  
Show
View Real Time Build Order
Export as new Build Order

Zanster Zerg 

Build Orders: Hatch First, Brood Lord Corruptor 

Get SALT Encoding   

  12  0:00  Drone  
  13  0:12  Overlord  
  13  0:16  Drone  
  14  0:31  Drone x2  
  14  0:35  Drone  
  17  0:52  Hatchery  
  17  0:55  Drone  
  17  0:58  Drone  
  18  1:08  Extractor  
  17  1:14  Spawning Pool  
  17  1:16  Drone  
  17  1:19  Drone  
  18  1:28  Drone  
  19  1:39  Drone  
  20  1:49  Overlord  
  20  2:00  Queen  
  22  2:04  Zergling x2, Queen  
  22  2:05  Zergling x2  
  26  2:09  Metabolic Boost  
  26  2:11  Drone  
  28  2:15  Drone  
  28  2:21  Drone  
  29  2:25  Drone  
  30  2:32  Drone  
  31  2:37  Hatchery  
  31  2:40  Drone  
  31  2:45  Queen  
  31  2:48  Drone  
  34  2:52  Overlord  
  34  2:57  Zergling x2  
  34  2:58  Zergling x2  
  36  3:13  Drone x2  
  36  3:14  Drone x2  
  36  3:15  Drone x4  
  36  3:17  Spore Crawler  
  43  3:20  Drone  
  44  3:27  Drone  
  44  3:30  Overlord  
  42  3:38  Drone  
  43  3:41  Evolution Chamber  
  43  3:42  Drone  
  43  3:43  Overlord  
  43  3:47  Zergling x2  
  44  3:48  Overlord  
  44  3:52  Zergling x2  
  44  3:53  Zergling x8  
  49  3:56  Queen  
  49  4:00  Drone  
  49  4:01  Drone  
  53  4:04  Drone  
  53  4:06  Drone  
  55  4:11  Zerg Melee Weapons Level 1  
  55  4:13  Drone x2  
  55  4:14  Drone x2  
  59  4:17  Drone  
  59  4:19  Drone  
  59  4:21  Drone  
  62  4:26  Overlord  
  62  4:27  Drone  
  62  4:28  Drone  
  62  4:30  Spore Crawler  
  62  4:32  Drone x3  
  62  4:37  Spore Crawler  
  63  4:39  Drone  
  63  4:42  Drone  
  63  4:43  Drone  
  63  4:44  Lair  
  65  4:46  Extractor  
  65  4:48  Extractor  
  63  4:54  Overlord  
  63  4:57  Drone x5  
  67  5:01  Overlord  
  67  5:06  Zergling x8  
  69  5:07  Zergling x2  
  68  5:17  Extractor  
  67  5:22  Zergling x10  
  67  5:23  Hatchery  
  67  5:25  Queen  
  67  5:27  Overlord  
  73  5:33  Drone  
  73  5:34  Drone x4  
  78  5:36  Drone x2  
  78  5:38  Drone  
  78  5:39  Drone  
  78  5:40  Overlord  
  82  5:45  Hydralisk Den  
  82  5:46  Overlord  
  82  5:47  Drone x3, Evolution Chamber  
  82  5:49  Drone  
  84  5:51  Drone  
  84  5:54  Drone  
  86  5:59  Drone  
  86  6:01  Drone x2  
  86  6:02  Drone x2  
  87  6:06  Overlord  
  87  6:09  Zerg Melee Weapons Level 2  
  85  6:11  Drone  
  85  6:12  Drone x3, Zerg Missile Weapons Level 1  
  85  6:16  Overlord  
  89  6:21  Extractor, Muscular Augments  
  89  6:24  Drone, Extractor  
  88  6:27  Overlord  
  88  6:31  Zergling x10  
  93  6:40  Hydralisk x3  
  93  6:41  Overseer  
  93  6:44  Hydralisk x3  
  93  6:46  Hydralisk, Overlord  
  105  6:50  Zergling x12  
  113  6:58  Zergling x2, Hydralisk  
  113  6:59  Zergling x4  
  118  7:04  Overlord  
  118  7:05  Spire  
  117  7:12  Drone  
  117  7:13  Drone x5  
  117  7:14  Extractor  
  121  7:16  Drone x3  
  121  7:20  Drone x4  
  127  7:29  Baneling Nest, Hatchery  
  125  7:34  Hydralisk x5  
  125  7:35  Zergling x2  
  136  7:38  Overlord  
  136  7:40  Hydralisk x2  
  136  7:41  Zergling x2  
  136  7:43  Overlord  
  140  7:50  Hydralisk x3  
  146  7:52  Infestation Pit  
  146  7:55  Overseer  
  146  7:56  Overlord x2  
  145  8:05  Hydralisk x5  
  145  8:06  Zergling x4  
  145  8:08  Overlord  
  157  8:22  Zergling x30  
  172  8:34  Corruptor x3  
  172  8:36  Corruptor  
  180  8:42  Corruptor x2  
  180  8:44  Spore Crawler  
  180  8:48  Hive  
  183  8:53  Corruptor  
  183  8:55  Corruptor  
  187  9:02  Centrifical Hooks  
  187  9:05  Zergling x2  
  187  9:06  Zergling x22  
  187  9:07  Overlord  
  198  9:13  Overlord  
  197  9:28  Corruptor  
  197  9:30  Hatchery  
  191  9:45  Corruptor  
  191  9:46  Corruptor x3  
  191  9:50  Extractor  
  191  9:51  Spore Crawler  
  197  9:56  Zerg Missile Weapons Level 2  
  198  10:01  Baneling x8  
  198  10:02  Baneling x9  
  198  10:05  Baneling  
  198  10:06  Baneling x4  
  197  10:20  Greater Spire  
  192  10:22  Zergling x16  
  192  10:26  Baneling  
  192  10:27  Baneling x9  
  200  10:33  Zergling x2  
  200  10:35  Overlord x2  
  187  10:45  Zergling x4, Hydralisk  
  187  10:46  Zergling x40  
  187  10:48  Hydralisk x6  
  188  10:52  Hydralisk x3  
  188  10:53  Zergling x2  
  167  10:59  Zergling x2, Hydralisk  
  167  11:00  Zergling x4  
  167  11:04  Zergling x2, Hydralisk  
  157  11:05  Zergling x2  
  157  11:07  Zergling x4  
  153  11:15  Zergling x10  
  149  11:33  Brood Lord x3  
  149  11:34  Corruptor  
  149  11:35  Corruptor  
  159  11:41  Corruptor  
  159  11:43  Corruptor  
  163  11:49  Drone x5  
  162  12:01  Extractor  
  160  12:11  Corruptor  
  160  12:12  Corruptor x3  
  160  12:13  Drone  
  160  12:14  Drone x6  
  160  12:15  Drone x3, Extractor  
  178  12:17  Extractor  
  178  12:18  Brood Lord  
  178  12:26  Brood Lord x2  
  178  12:29  Zergling x14  
  186  12:42  Drone  
  187  12:46  Drone x3  
  187  12:47  Drone  
  191  12:54  Brood Lord x2  
  191  12:55  Zergling x10  
  200  13:06  Baneling  
  200  13:07  Baneling x10  
  189  13:16  Hydralisk  
  189  13:17  Zergling x2  
  189  13:18  Zergling x34  
  189  13:19  Hydralisk  
  172  13:20  Zergling x4  
  152  13:31  Hydralisk x7  
  152  13:32  Zergling x2  
  140  13:39  Hydralisk x2  
  125  13:42  Hydralisk x4  
Tags
 
Add a new tag
Caveats
  • Supply blocks, unpowered buildings, or Contaminate may cause inaccurate times.
  • Supply counts are checked every 10 seconds.